 Dungeon Crawl Stone Soup version 0.27-a0-1281-ge233d83751 (console) character file.

Game seed: 13177477129380683569

1694 Hector the Skirmisher (level 9, -1/72 HPs)
             Began as a Gnoll Abyssal Knight on June 13, 2021.
             Was a Believer of Lugonu.
             Slain by a cyclops (19 damage)
             ... on level 6 of the Dungeon on June 14, 2021.
             The game lasted 00:25:27 (7840 turns).

Hector the Skirmisher (Gnoll Abyssal Knight)        Turns: 7840, Time: 00:25:28

Health: -1/72      AC: 14    Str: 12    XL:     9   Next: 2%
Magic:  14/14      EV: 13    Int: 14    God:    Lugonu [**....]
Gold:   270        SH:  0    Dex: 12    Spells: 15/15 levels left

rFire    + . .     SeeInvis .   a - +0 war axe
rCold    . . .     Faith    .   (no shield)
rNeg     . . .     Spirit   .   d - +3 leather armour {rF+}
rPois    .         Reflect  .   h - +0 helmet
rElec    +         Harm     .   (no cloak)
rCorr    .         Rampage  .   (no gloves)
Will     .....                  f - +1 pair of boots
Stlth    ++........             (no amulet)
HPRegen  0.22/turn              g - ring "Appah" {rElec AC+4}
MPRegen  0.14/turn              (no ring)

@: no status effects
A: fangs 1, strong nose, distributed training
a: Renounce Religion, Depart the Abyss, Bend Space


You were on level 6 of the Dungeon.
You worshipped Lugonu.
Lugonu was pleased with you.
You visited 1 branch of the dungeon, and saw 6 of its levels.
You visited the Abyss 1 time.

You collected 270 gold pieces.

Inventory:

Hand Weapons
 a - a +0 war axe (weapon)
 b - a +1 hunting sling of flaming
 t - a +0 vorpal trident
 D - a +1 hand axe
Missiles
 j - 88 stones
 p - 72 arrows
 w - 81 sling bullets
 C - 2 throwing nets
 H - 34 poisoned darts
Armour
 d - a +3 leather armour of fire resistance (worn)
 f - a +1 pair of boots (worn)
 h - a +0 helmet (worn)
 A - a +0 leather armour
 F - a +0 troll leather armour
 I - a +0 plate armour
Magical Staves
 G - a staff of earth
Jewellery
 g - the ring "Appah" (left hand) {rElec AC+4}
   (You acquired it on level 6 of the Dungeon)

   [ring of protection]

   It affects your AC (+4).
   It insulates you from electricity.
Wands
 x - a wand of mindburst (7)
 z - a wand of iceblast (7)
 B - a wand of digging (2)
Scrolls
 m - a scroll of fear
 n - a scroll of enchant armour
 o - a scroll of blinking
 r - 3 scrolls of identify
 s - a scroll of holy word
Potions
 c - 3 potions of curing
 e - a potion of haste
 i - a potion of lignification
 k - a potion of heal wounds
 l - a potion of resistance
 q - a potion of berserk rage
 u - a potion of attraction


   Skills:
 + Level 7.6 Fighting
 + Level 3.8 Short Blades
 + Level 3.8 Long Blades
 + Level 6.0 Axes
 + Level 3.8 Maces & Flails
 + Level 3.8 Polearms
 + Level 3.8 Staves
 + Level 3.8 Slings
 + Level 3.8 Bows
 + Level 3.8 Crossbows
 + Level 3.8 Throwing
 + Level 6.0 Armour
 + Level 4.6 Dodging
 + Level 3.8 Stealth
 + Level 3.8 Shields
 + Level 3.8 Unarmed Combat
 + Level 3.8 Spellcasting
 + Level 3.1 Conjurations
 + Level 3.1 Hexes
 + Level 3.1 Summonings
 + Level 3.1 Necromancy
 + Level 3.1 Translocations
 + Level 3.1 Transmutations
 + Level 3.1 Fire Magic
 + Level 3.1 Ice Magic
 + Level 3.1 Air Magic
 + Level 3.1 Earth Magic
 + Level 3.1 Poison Magic
 + Level 6.2 Invocations
 + Level 3.8 Evocations


You had 15 spell levels left.
You didn't know any spells.
Your spell library contained the following spells:

 Spells                   Type           Power      Damage    Failure   Level
 Sandblast                Erth           22%        2d7       7%          1
 Passwall                 Tmut/Erth      9%         N/A       11%         2
 Stone Arrow              Conj/Erth      22%        3d8       21%         3
 Petrify                  Tmut/Erth      11%        N/A       56%         4
 Lee's Rapid Deconstruct  Erth           5%         3d7*      88%         5


Dungeon Overview and Level Annotations

Branches:
Dungeon (6/15)
 Temple: D:4-7

Altars:
Trog

Shops:
D:6 (

Annotations:
D:4 Edmund
D:5 1 runed translucent door, 27snakeeyes612's ghost, novice VSFi
D:6 4 runed translucent doors


Innate Abilities, Weirdness & Mutations

You have very sharp teeth.
Your uncanny sense of smell can sniff out nearby items.
Your experience applies equally to all skills.


Message History

You shoot a stone. The stone hits the cyclops.
The stone burns the cyclops.
The cyclops is moderately wounded.
Fire: 91 stones
Press: ? - help, Q - select action, (/) - cycle Shift-Dir - straight line, f/p - cyclops
Aim: a cyclops, quivering large rocks (moderately wounded, 87% to hit)
You shoot a stone. The stone hits the cyclops.
The stone burns the cyclops.
The cyclops is moderately wounded.
The cyclops throws a large rock.
The large rock completely misses you.
Fire: 90 stones
Press: ? - help, Q - select action, (/) - cycle Shift-Dir - straight line, f/p - cyclops
Aim: a cyclops, quivering large rocks (moderately wounded, 87% to hit)
You shoot a stone. The stone barely misses the cyclops.
Fire: 89 stones
Press: ? - help, Q - select action, (/) - cycle Shift-Dir - straight line, f/p - cyclops
Aim: a cyclops, quivering large rocks (moderately wounded, 87% to hit)
You shoot a stone.
The stone hits the cyclops but does no damage.
The cyclops is moderately wounded.
Unknown command.
Your +1 hunting sling of flaming stops flaming.
a - a +0 war axe (weapon)
You hit the cyclops.
The cyclops is moderately wounded.
The cyclops closely misses you.
You barely miss the cyclops.
The cyclops is moderately wounded.
The cyclops closely misses you.
You hit the cyclops but do no damage. You bite the cyclops, but do no damage.
The cyclops is moderately wounded.
You completely miss the cyclops.
The cyclops is moderately wounded.
The cyclops closely misses you.
You slash the cyclops!
The cyclops is heavily wounded.
The cyclops hits you!!
* * * LOW HITPOINT WARNING * * *
You slash the cyclops!
The cyclops is severely wounded.
The cyclops hits you!!
You die...

#....# #.#...'..##8..8 #....#
######.#####..#8.... ##....#
#....#........+Z.... >.....#
#....#######..+.....
......########....######...#8....
.............'.............##8.:8
..##.#########.....####..... ####
..##....# #.....# ..###'#
.♣##..#.######..@C.# .# .#
.∩.♣#.#.##........(###.# ##∆
.♣......##..<.....)(((.#
###....###....####.###(# ∆
#.....####### #.# #...#....# ...
#####....# ..... ....# ......#
....# ####.##.


You could see a cyclops.

Vanquished Creatures
  A sky beast (D:6)
  A black bear (D:5)
  An ogre (D:4)
  A hornet zombie (D:6)
  2 necrophages
  2 phantoms (D:5)
  Blork the orc (D:4)
  A bullfrog (D:6)
  A kobold brigand (D:6)
  4 scorpions
  A howler monkey (D:6)
  A centaur zombie (D:5)
  A bullfrog zombie (D:5)
  5 hounds
  2 jellies
  2 iguanas (D:5)
  Ijyb (D:5)
  Robin (D:4)
  6 gnolls
  An adder (D:6)
  An ufetubus (D:6)
  3 worms
  3 dart slugs
  6 orcs
  9 endoplasms
  2 giant cockroaches (D:3)
  17 goblins
  11 hobgoblins
  5 quokkas
  13 ball pythons
  4 bats
  3 frilled lizards
  A kobold (D:1)
  8 rats
122 creatures vanquished.

Notes
Turn   | Place    | Note
-------+----------+-------------------------------------------
     0 | Abyss:1  | Hector the Gnoll Abyssal Knight began the quest for the
                  | Orb.
     0 | Abyss:1  | Reached XP level 1. HP: 23/23 MP: 3/3
    12 | Abyss:1  | Found a corrupted altar of Lugonu.
   102 | D:1      | Escaped the Abyss
   276 | D:1      | Reached XP level 2. HP: 29/29 MP: 5/5
   608 | D:1      | Reached * piety under Lugonu
  1130 | D:2      | Reached XP level 3. HP: 24/35 MP: 6/6
  1714 | D:2      | Found a faded altar of an unknown god.
  1837 | D:2      | Noticed a necrophage
  1868 | D:2      | Killed a necrophage
  1869 | D:2      | Reached skill level 1 in Short Blades
  1869 | D:2      | Reached skill level 1 in Long Blades
  1869 | D:2      | Reached skill level 1 in Maces & Flails
  1869 | D:2      | Reached skill level 1 in Polearms
  1869 | D:2      | Reached skill level 1 in Staves
  1869 | D:2      | Reached skill level 1 in Slings
  1869 | D:2      | Reached skill level 1 in Bows
  1869 | D:2      | Reached skill level 1 in Crossbows
  1869 | D:2      | Reached skill level 1 in Throwing
  1869 | D:2      | Reached skill level 1 in Stealth
  1869 | D:2      | Reached skill level 1 in Shields
  1869 | D:2      | Reached skill level 1 in Unarmed Combat
  1869 | D:2      | Reached skill level 1 in Spellcasting
  1869 | D:2      | Reached skill level 1 in Conjurations
  1869 | D:2      | Reached skill level 1 in Hexes
  1869 | D:2      | Reached skill level 1 in Summonings
  1869 | D:2      | Reached skill level 1 in Necromancy
  1869 | D:2      | Reached skill level 1 in Translocations
  1869 | D:2      | Reached skill level 1 in Transmutations
  1869 | D:2      | Reached skill level 1 in Fire Magic
  1869 | D:2      | Reached skill level 1 in Ice Magic
  1869 | D:2      | Reached skill level 1 in Air Magic
  1869 | D:2      | Reached skill level 1 in Earth Magic
  1869 | D:2      | Reached skill level 1 in Poison Magic
  1869 | D:2      | Reached skill level 1 in Evocations
  1869 | D:2      | Reached XP level 4. HP: 20/41 MP: 7/7
  1869 | D:2      | Reached XP level 5. HP: 23/47 MP: 8/8
  2630 | D:3      | Found a bloodstained altar of Trog.
  3128 | D:4      | Noticed Robin
  3189 | D:4      | Noticed an ogre
  3207 | D:3      | Reached skill level 5 in Invocations
  3207 | D:3      | Reached XP level 6. HP: 19/53 MP: 9/9
  3612 | D:4      | Killed Robin
  3928 | D:4      | Reached skill level 5 in Axes
  3928 | D:4      | Reached skill level 5 in Armour
  3938 | D:4      | Noticed Edmund
  4037 | D:5      | Entered Level 5 of the Dungeon
  4122 | D:5      | Found a runed translucent door.
  4126 | D:5      | Noticed 27snakeeyes612's ghost (novice VSFi)
  4132 | D:5      | Reached XP level 7. HP: 56/59 MP: 10/10
  4199 | D:5      | Noticed Ijyb
  4225 | D:5      | Killed Ijyb
  4413 | D:4      | Reached ** piety under Lugonu
  4440 | D:4      | Reached skill level 7 in Fighting
  4996 | D:4      | Noticed Blork the orc
  5016 | D:4      | Killed Blork the orc
  5756 | D:5      | Reached XP level 8. HP: 59/67 MP: 12/12
  7062 | D:6      | Identified a scroll of acquirement
  7062 | D:6      | Acquired the ring "Appah" {rElec AC+4}
  7453 | D:6      | Found a large runed translucent door.
  7453 | D:6      | Found a large runed translucent door.
  7460 | D:6      | Found a large runed translucent door.
  7460 | D:6      | Found a large runed translucent door.
  7461 | D:6      | Noticed a cyclops
  7462 | D:6      | Noticed a vampire
  7693 | D:6      | Found Caext's Weapon Shoppe.
  7741 | D:6      | Reached XP level 9. HP: 51/72 MP: 14/14
  7840 | D:6      | Slain by a cyclops

Illustrated notes

Levels and vault maps discovered:
D:1:      dpeg_arrival_water_temple_mockup, layout_basic
D:2:      layout_rooms, serial_co_window_serial, co_window_of_opportunity_a,
          co_window_paths_b, co_window_paths_a, co_window_of_opportunity_a,
          co_window_corner_a, co_window_of_opportunity_b, co_window_cross_2,
          co_window_corner_cb, glass_columns_c, glass_columns_a,
          glass_columns_a, hellmonk_ecumenical_altar_crossroads
D:3:      cheibrodos_old_hovel, layout_rooms, nicolae_overflow_hidden_temple,
          minmay_stone_trees_small, kennysheep_nondescript
D:4:      layout_basic, uniq_edmund, uniq_blork_the_orc, uniq_robin
D:5:      layout_gridville, serial_rivers, chequers_serial_rivers_micro_c,
          chequers_serial_rivers_large_b, chequers_serial_rivers_small_b,
          chequers_serial_rivers_large_a, chequers_serial_rivers_micro_b,
          chequers_serial_rivers_micro_a, ebering_ghost_sewer_d, uniq_ijyb
D:6:      layout_basic, serial_shops, nicolae_shop_trees,
          minmay_misc_feat_diagonals, minmay_hollow_rounded_squares

Skill      XL: |  1  2  3  4  5  6  7  8 |
---------------+-------------------------+-----
Short Blades   | 1 2 3 |  3.8
Long Blades    | 1 2 3 |  3.8
Maces & Flails | 1 2 3 |  3.8
Polearms       | 1 2 3 |  3.8
Staves         | 1 2 3 |  3.8
Slings         | 1 2 3 |  3.8
Bows           | 1 2 3 |  3.8
Crossbows      | 1 2 3 |  3.8
Throwing       | 1 2 3 |  3.8
Stealth        | 1 2 3 |  3.8
Shields        | 1 2 3 |  3.8
Unarmed Combat | 1 2 3 |  3.8
Spellcasting   | 1 2 3 |  3.8
Conjurations   | 1 2 3 |  3.1
Hexes          | 1 2 3 |  3.1
Summonings     | 1 2 3 |  3.1
Necromancy     | 1 2 3 |  3.1
Translocations | 1 2 3 |  3.1
Transmutations | 1 2 3 |  3.1
Fire Magic     | 1 2 3 |  3.1
Ice Magic      | 1 2 3 |  3.1
Air Magic      | 1 2 3 |  3.1
Earth Magic    | 1 2 3 |  3.1
Poison Magic   | 1 2 3 |  3.1
Evocations     | 1 2 3 |  3.8
Dodging        | 3 4 |  4.6
Invocations    | 5 6 |  6.2
Axes           | 5 6 |  6.0
Armour         | 5 6 |  6.0
Fighting       | 7 |  7.6

Action                   |  1- 3 |  4- 6 |  7- 9 || total
-------------------------+-------+-------+-------++-------
Melee: Hand axe          |   121 |   145 |   109 ||   375
       Bite              |    10 |    14 |    28 ||    52
       Punch             |       |     1 |     1 ||     2
       War axe           |       |       |   145 ||   145
 Fire: Hunting sling     |       |    18 |    40 ||    58
Invok: Depart the Abyss  |     1 |       |       ||     1
Evoke: Wand              |       |       |     3 ||     3
  Use: Scroll            |       |       |    16 ||    16
Armor: Leather armour    |    31 |    33 |   133 ||   197
Dodge: Dodged            |    59 |    71 |   181 ||   311

Table legend: (Time is in decaauts)
 A = Elapsed time spent in this place.
 B = Non-inter-level travel time spent in this place.
 C = Inter-level travel time spent in this place.
 D = Time resting spent in this place.
 E = Time spent auto-exploring this place.
 F = Levels seen in this place.
 G = Mean time per level.
                   A        B        C        D        E       F      G
               +--------+--------+--------+--------+--------+-----+--------+
         Total |   7937 |   7293 |    644 |   1760 |   3682 |   7 | 1133.9 |
       Dungeon |   7835 |   7191 |    644 |   1760 |   3581 |   6 | 1305.8 |
         Abyss |    102 |    102 |      0 |      0 |    101 |   1 |  102.0 |
               +--------+--------+--------+--------+--------+-----+--------+

Top non-repeatable levels by time:
     D:5: 2269 daAuts
     D:4: 1310 daAuts
     D:3: 1276 daAuts
     D:2: 1276 daAuts
     D:1: 1010 daAuts
     D:6: 692 daAuts
 Abyss:1: 102 daAuts
